 Dungeon Crawl Stone Soup version 0.30.1 (webtiles) character file.

Game seed: 16978460086939227456

49 shmup the Firebug (level 3, 0/19 HPs)
             Began as a Tengu Fire Elementalist on July 9, 2023.
             Slain by a goblin
             ... wielding a +0 dagger
             ... led by Robin
              (4 damage)
             ... on level 3 of the Dungeon.
             The game lasted 00:05:04 (1459 turns).

shmup the Firebug (Tengu Fire Elementalist)         Turns: 1459, Time: 00:05:05

Health: 0/19       AC:  2    Str:  8    XL:     3   Next: 77%
Magic:  2/7        EV: 11    Int: 17    God:
Gold:   62         SH:  3    Dex: 14    Spells: 3/6 levels left

rFire   . . .        a - +0 short sword
rCold   . . .        n - +0 buckler
rNeg    . . .        g - +0 robe
rPois   .            (helmet restricted)
rElec   .            (no cloak)
rCorr   .            (no gloves)
SInv    .            (boots unavailable)
Will    .....        (no amulet)
Stlth   ++           (no ring)
HPRegen 0.23/turn    (no ring)
MPRegen 0.10/turn

%: no passive effects
@: no status effects
A: beak, talons 3
a: no special abilities


You were on level 3 of the Dungeon.
You visited 1 branch of the dungeon, and saw 3 of its levels.

You collected 62 gold pieces.

Inventory:

Hand Weapons
 a - a +0 short sword (weapon)
 b - a +0 dagger
 l - a +0 dagger
Missiles
 e - 2 throwing nets (quivered)
 f - 6 stones
Armour
 g - a +0 robe (worn)
 n - a +0 buckler (worn)
Wands
 m - a wand of acid (12)
Scrolls
 c - a scroll of amnesia {unknown}
 h - a scroll of enchant armour {unknown}
 k - a scroll of teleportation {unknown}
Potions
 d - a potion of brilliance {unknown}
 i - a potion of invisibility {unknown}
 j - 2 potions of magic


   Skills:
 - Level 2.1 Dodging
 - Level 2.0 Stealth
 - Level 2.0 Spellcasting
 - Level 1.3 Conjurations
 + Level 5.1 Fire Magic


You had 3 spell levels left.
You knew the following spells:

 Your Spells              Type           Power      Damage    Failure   Level
a - Foxfire               Conj/Fire      48%        2x1d6     9%          1
b - Scorch                Fire           38%        2d6       6%          2

Your spell library contained the following spells:

 Spells                   Type           Power      Damage    Failure   Level
 Inner Flame              Hex/Fire       10%        N/A       32%         3
 Volatile Blastmotes      Fire/Tloc      20%        2d11      32%         3
 Flame Wave               Conj/Fire      12%        2d6       63%         4


Dungeon Overview and Level Annotations

Branches:
Dungeon (3/15)

Altars:

Annotations:
D:2 Terence


Innate Abilities, Weirdness & Mutations

You have a beak for a mouth.
You have claws for feet.


Message History

Unknown command.
Unknown command.
Unknown command.
Unknown command.
The giant cockroach attacks as you move away!
The giant cockroach barely misses you.
The giant cockroach attacks as you move away!
The giant cockroach closely misses you. x2
The giant cockroach attacks as you move away!
The giant cockroach bites you.
* * * LOW HITPOINT WARNING * * *
A goblin comes into view. It is wielding a +0 dagger.
The giant cockroach attacks as you move away!
The giant cockroach barely misses you.
A hobgoblin comes into view.
A goblin comes into view. It is wielding a +0 dagger.
The goblin shouts!
The hobgoblin shouts!
You hit the giant cockroach.
The giant cockroach is moderately wounded.
You hear a shout! x3
The giant cockroach bites you.
* * * LOW HITPOINT WARNING * * *
A goblin comes into view. It is wielding a +0 dagger. x2
The giant cockroach bites you but does no damage.
The goblin shouts!
You hit the giant cockroach.
The giant cockroach is heavily wounded.
You hear a shout!
The giant cockroach closely misses you.
A goblin comes into view. It is wielding a +0 dagger.
You hit the giant cockroach. Your kick misses the giant cockroach.
The giant cockroach is severely wounded.
The giant cockroach bites you but does no damage.
You hit the giant cockroach.
You kill the giant cockroach!
The goblin attacks as you move away! The goblin barely misses you.
The goblin attacks as you move away! You block the goblin's attack.
The goblin attacks as you move away! The goblin completely misses you.
The goblin attacks as you move away! The goblin hits you with a +0 dagger.
You die...

▒▒...▒▒▒....▒
▒▒▒g▒▒▒▒..▒.▒
..........▒.▒
▒▒▒g▒▒▒▒▒.▒.▒ ▒▒▒▒▒
▒g▒ ▒..▒.▒ ...▒ ▒.▒
▒.▒▒.▒ ▒▒.▒▒
..▒▒▒▒▒.▒▒▒▒g▒ ▒.▒
.▒ .
▒...▒▒........g.g..▒
▒.▒ .▒ ..
....[..▒▒▒▒▒Q▒▒▒▒▒▒
▒.▒▒.▒ .$ ...▒.▒.▒
▒.▒ ▒.▒▒.▒ ..
▒....▒.▒ ▒.▒ ▒.▒▒.▒
..▒▒▒.▒..▒.▒ ▒.▒
▒.▒▒.▒ .▒....▒.▒▒.▒▒
▒.▒ ▒.▒▒.▒
....).......▒▒▒▒.▒
▒▒.▒▒.▒
.▒..▒.....▒......▒
▒...▒.▒
.▒..▒▒......▒.▒▒▒▒
▒...▒.▒
....▒▒▒.▒▒.▒.▒.▒▒
▒▒▒▒...▒.▒▒


You could see a hobgoblin and 2 goblins.

Vanquished Creatures
  2 adders (D:3)
  An orc (D:3)
  3 giant cockroaches
  2 goblins (D:1)
  A hobgoblin (D:3)
  2 jackals (D:2)
  3 kobolds
  A quokka (D:1)
  4 ball pythons
  6 bats
  A frilled lizard (D:1)
  6 rats
32 creatures vanquished.

Vanquished Creatures (others)
  33 foxfires
33 creatures vanquished.

Grand Total: 65 creatures vanquished

Notes
Turn   | Place    | Note
-------+----------+-------------------------------------------
     0 | D:1      | shmup the Tengu Fire Elementalist began the quest for the
                  | Orb.
     0 | D:1      | Reached XP level 1. HP: 10/10 MP: 4/4
   538 | D:1      | Reached XP level 2. HP: 15/15 MP: 4/6
   598 | D:1      | Reached skill level 4 in Fire Magic
  1212 | D:2      | Reached XP level 3. HP: 19/19 MP: 4/7
  1242 | D:2      | Noticed Terence
  1248 | D:2      | Learned a level 2 spell: Scorch
  1403 | D:3      | Identified the +0 robe of the Endless Expanse {Str-5 Dex+4}
  1411 | D:3      | Reached skill level 5 in Fire Magic
  1459 | D:3      | Slain by a goblin

Illustrated notes

Levels and vault maps discovered:
D:1:      tarquinn_simple_flora_water_c, layout_loops_cross, serial_rivers,
          chequers_serial_rivers_micro_a, chequers_serial_rivers_small_b,
          chequers_serial_rivers_room_a, chequers_serial_rivers_small_3,
          chequers_serial_rivers_large_b
D:2:      layout_basic, serial_shops, shop, kennysheep_generic_room_10,
          uniq_terence
D:3:      layout_loops_ring, lemuel_round_altar, uniq_grinder, uniq_robin

Skill      XL: |  1  2  3 |
---------------+----------+-----
Fire Magic     | 4 5 |  5.1
Dodging        | |  2.1
Stealth        | |  2.0
Spellcasting   | |  2.0
Conjurations   | |  1.3

Action                     || total
---------------------------++-------
  Melee: Short sword       ||    45
         Kick              ||     6
         Peck              ||     4
   Cast: Foxfire           ||    21
         Scorch            ||     6
   Stab: Sleeping          ||     3
 Armour: Robe              ||    19
  Dodge: Dodged            ||    55
  Block: Buckler           ||     7
